 Dungeon Crawl Stone Soup version 0.30-a0-568-g124715a40b (webtiles) character file.

Game seed: 3470136131651493576

844 bmack86 the Chopper (level 7, 0/62 HPs)
             Began as a Minotaur Fighter on Dec 29, 2022.
             Slain by a necrophage (6 damage)
             ... on level 6 of the Dungeon.
             The game lasted 00:16:00 (3778 turns).

bmack86 the Chopper (Minotaur Fighter)              Turns: 3778, Time: 00:16:01

Health: 0/62       AC: 12    Str: 23    XL:     7   Next: 68%
Magic:  6/6        EV:  7    Int:  5    God:
Gold:   51         SH:  5    Dex:  9    Spells: 6/6 levels left

rFire   . . .      SeeInvis .    a - +0 war axe
rCold   . . .      Faith    .    c - +0 buckler
rNeg    . . .      Spirit   .    l - +0 chain mail
rPois   .          Reflect  .    (helmet restricted)
rElec   .          Harm     .    t - +2 cloak
rCorr   .          Rampage  .    k - +1 pair of gloves
Will    .....                    h - +0 pair of boots Stlth
                                 (no amulet)
HPRegen 0.30/turn                e - +4 ring of protection
MPRegen 0.10/turn                (no ring)

@: corroded
A: horns 2, retaliatory headbutt
a: no special abilities


You were on level 6 of the Dungeon.
You visited 1 branch of the dungeon, and saw 7 of its levels.
You also visited: Sewer.

You collected 208 gold pieces.
You spent 157 gold pieces at shops.

Inventory:

Hand Weapons
 a - a +0 war axe (weapon)
Missiles
 r - 2 poisoned darts (quivered)
Armour
 c - a +0 buckler (worn)
 h - a +0 pair of boots (worn)
 k - a +1 pair of gloves (worn)
 l - a +0 chain mail (worn)
 t - a +2 cloak (worn)
Jewellery
 e - a +4 ring of protection (left hand)
Wands
 A - a wand of charming (9)
Scrolls
 f - a scroll of immolation {unknown}
 i - a scroll of poison
 p - 2 scrolls of teleportation
 q - a scroll of butterflies {unknown}
 s - a scroll of vulnerability {unknown}
 x - a scroll of brand weapon {unknown}
 y - 2 scrolls of enchant weapon
Potions
 d - a potion of might
 g - a potion of resistance
 j - 6 potions of curing
 m - a potion of ambrosia {unknown}
 n - 2 potions of degeneration
 o - a potion of haste {unknown}
 u - a potion of mutation {unknown}
 v - a potion of berserk rage {unknown}
 w - a potion of lignification {unknown}
 z - 2 potions of heal wounds


   Skills:
 + Level 5.6 Fighting
 * Level 6.7 Axes
 + Level 2.8 Throwing
 + Level 5.5 Armour
 + Level 5.6 Shields


You had 6 spell levels left.
You didn't know any spells.
Your spell library contained the following spells:

 Spells                   Type           Power      Damage    Failure   Level
 Beastly Appendage        Tmut           0%         N/A       99%         1
 Wereblood                Tmut           0%         N/A       100%        2
 Gell's Gravitas          Tloc           0%         N/A       100%        3
 Spider Form              Tmut/Pois      0%         N/A       100%        3
 Teleport Other           Tloc           0%         N/A       100%        3
 Leda's Liquefaction      Hex/Erth       0%         N/A       100%        4
 Lee's Rapid Deconstruct  Erth           0%         3d4*      100%        5
 Dispersal                Tloc           0%         N/A       100%        6
 Statue Form              Tmut/Erth      0%         N/A       100%        6


Dungeon Overview and Level Annotations

Branches:
Dungeon (7/15)              Sewer (visited)
 Temple: D:4-7

Altars:
Ashenzari
Hepliaklqana
Ru
Vehumet

Shops:
D:2 ?   D:3 ?(


Innate Abilities, Weirdness & Mutations

You have a pair of horns on your head.
You reflexively headbutt those who attack you in melee.


Message History

You feel sick.
You barely miss the adder. Your headbutt misses the adder.
The adder is lightly wounded.
You closely miss the adder. You slash the necrophage!
You feel sick. The adder bites you. You block the adder's attack.
The adder bites you but does no damage. The adder barely misses you.
You block the necrophage's attack.
You hit the adder.
The adder is moderately wounded.
You closely miss the necrophage. You closely miss the adder.
You feel sick. The adder bites you but does no damage.
You block the adder's attack.
The necrophage hits you but does no damage.
You barely miss the adder. Your headbutt misses the adder.
The adder is moderately wounded.
You hit the adder. You closely miss the necrophage.
You feel sick. You block the adder's attack. The adder bites you.
* * * LOW HITPOINT WARNING * * *
A sky beast appears from thin air!
Reactivating autopickup.
You block the necrophage's attack. The adder barely misses you.
You furiously retaliate!
You headbutt the adder!
You kill the adder!
The adder closely misses you.
You feel sick. The sky beast hits you.
* * * LOW HITPOINT WARNING * * *
The sky beast shocks you.
* * * LOW HITPOINT WARNING * * *
The jelly hits you but does no damage. You block the adder's attack.
The necrophage hits you but does no damage.
The jelly attacks as you move away! The jelly hits you but does no damage.
You feel sick. The adder bites you but does no damage. The necrophage hits you.
* * * LOW HITPOINT WARNING * * *
The sky beast attacks as you move away! You block the sky beast's attack.
You feel sick.
You are no longer poisoned.
The adder bites you but does no damage. The sky beast attacks as you move away!
The sky beast hits you but does no damage.
The necrophage hits you.
You die...

###################
............#.....#
....).......#.....#
............#.....#
............#..Y@.+
.......>....#..Sn.#
...##......###.J.#######
#......###...#......
#...................
#...................
#...................
#.............#.....
+.......).###.#.###.


You could see a sky beast, a necrophage, a jelly and an adder.

Vanquished Creatures
  An ice beast (D:6)
  2 ogres
  A phantom (D:4)
  A scorpion (D:4)
  A jelly (D:4)
  An orc priest (D:4)
  2 hounds (D:5)
  2 iguanas
  4 gnolls (D:5)
  9 adders
  4 river rats
  A worm (D:3)
  2 dart slugs
  6 orcs
  10 endoplasms
  3 giant cockroaches
  13 hobgoblins
  5 kobolds
  4 quokkas
  13 ball pythons
  5 bats
  8 frilled lizards
  13 goblins
  14 rats
125 creatures vanquished.

Notes
Turn   | Place    | Note
-------+----------+-------------------------------------------
     0 | D:1      | bmack86 the Minotaur Fighter began the quest for the Orb.
     0 | D:1      | Reached XP level 1. HP: 19/19 MP: 0/0
   178 | D:1      | Reached XP level 2. HP: 24/27 MP: 1/1
   291 | D:1      | Reached skill level 3 in Axes
   653 | D:2      | Reached XP level 3. HP: 33/33 MP: 2/2
   759 | D:2      | Found a radiant altar of Vehumet.
   771 | D:2      | Found a faded altar of an unknown god.
   777 | D:2      | Identified the +2 leather armour "Melashricw" {Dex+3}
   941 | D:2      | Found Jissenyf's Magic Scroll Shoppe.
  1272 | D:2      | Reached XP level 4. HP: 40/40 MP: 3/3
  1428 | D:2      | Bought a scroll of enchant armour for 82 gold pieces
  1458 | D:3      | Found Tixzaur's Magic Scroll Boutique.
  1467 | D:3      | Reached skill level 4 in Axes
  1472 | D:3      | Found Taun's Weapon Shoppe.
  1737 | D:3      | Found a glowing drain.
  1778 | Sewer    | Entered a sewer
  1870 | Sewer    | Reached XP level 5. HP: 47/47 MP: 4/4
  1879 | Sewer    | Reached skill level 1 in Throwing
  2416 | D:3      | Noticed an ogre
  2420 | D:3      | Killed an ogre
  2421 | D:3      | Reached skill level 5 in Axes
  2421 | D:3      | Reached XP level 6. HP: 29/55 MP: 5/5
  2624 | D:3      | Bought a scroll of enchant weapon for 75 gold pieces
  2820 | D:4      | Reached skill level 5 in Fighting
  2861 | D:4      | Found a hazy altar of Hepliaklqana.
  2861 | D:4      | Found a broken altar of Ashenzari.
  2861 | D:4      | Found a sacrificial altar of Ru.
  2906 | D:4      | Reached skill level 5 in Shields
  2910 | D:4      | Reached skill level 5 in Armour
  3001 | D:4      | Reached XP level 7. HP: 61/61 MP: 6/6
  3457 | D:5      | Entered Level 5 of the Dungeon
  3470 | D:5      | Reached skill level 6 in Axes
  3701 | D:5      | You fall into a shaft and drop 2 floors!
  3778 | D:6      | Slain by a necrophage

Illustrated notes

Levels and vault maps discovered:
D:1:      matt_arrival_grand_opening, layout_rooms, minmay_cupped
D:2:      cheibrodos_greedy_goblins, layout_loops_ring, serial_shops,
          nicolae_shop_behind_doors, basic_altar, ebering_ecumenical_altar_box,
          serial_bayou_pond_e
D:3:      layout_loops_ring, portal_sewer_entry_b, serial_shops, shop_statue,
          shop
D:4:      layout_basic, minitemple
D:5:      layout_rooms, minmay_temple_entry_grid, serial_shops,
          kennysheep_little_box
D:6:      hangedman_cross_stitches, layout_gridville
D:7:      layout_gridville, yredelemnul_forgotten_temple_becter,
          ebering_ghost_reflecting_pool, grunt_ministairs_1,
          uniq_prince_ribbit1, uniq_duvessa

Skill      XL: |  1  2  3  4  5  6  7 |
---------------+----------------------+-----
Axes           | 3 4 5 6 |  6.7
Shields        | 4 5 |  5.6
Fighting       | 4 5 |  5.6
Armour         | 4 5 |  5.5
Throwing       | 1 2 |  2.8

Action                   |  1- 3 |  4- 6 |  7- 9 || total
-------------------------+-------+-------+-------++-------
Melee: War axe           |    72 |   127 |    40 ||   239
       Headbutt          |     9 |    19 |     8 ||    36
Throw: Dart              |    13 |    11 |    10 ||    34
  Use: Scroll            |     1 |     4 |     3 ||     8
Armor: Scale mail        |    35 |    13 |       ||    48
       Chain mail        |       |    73 |    49 ||   122
Dodge: Dodged            |    48 |    61 |    36 ||   145
Block: Buckler           |    19 |    32 |    17 ||    68

Table legend: (Time is in decaauts)
 A = Elapsed time spent in this place.
 B = Non-inter-level travel time spent in this place.
 C = Inter-level travel time spent in this place.
 D = Time resting spent in this place.
 E = Time spent auto-exploring this place.
 F = Levels seen in this place.
 G = Mean time per level.
                   A        B        C        D        E       F      G
               +--------+--------+--------+--------+--------+-----+--------+
         Total |   3922 |   3730 |    192 |      0 |   2167 |   8 |  490.2 |
       Dungeon |   3496 |   3304 |    192 |      0 |   2013 |   7 |  499.4 |
         Sewer |    426 |    426 |      0 |      0 |    153 |   1 |  426.0 |
               +--------+--------+--------+--------+--------+-----+--------+

Top non-repeatable levels by time:
     D:3: 874 daAuts
     D:2: 843 daAuts
     D:4: 805 daAuts
     D:1: 645 daAuts
   Sewer: 426 daAuts
     D:5: 247 daAuts
     D:6: 50 daAuts
     D:7: 29 daAuts
